 Dungeon Crawl Stone Soup version 0.26-a0-1058-g8dc6ce00ff (webtiles) character file.

Game seed: 9851796786142675315

6804 Morbidden the Grappler (level 10, -4/96 HPs)
             Began as a Troll Hunter on Dec 13, 2020.
             Was an Initiate of Gozag.
             Killed from afar by Erolcha (30 damage)
             ... with a crystal spear
             ... on level 9 of the Dungeon.
             The game lasted 00:16:11 (7498 turns).

Morbidden the Grappler (Troll Hunter)               Turns: 7498, Time: 00:16:12

Health: -4/96      AC: 18    Str: 22    XL:     10   Next: 77%
Magic:  14/14      EV: 11    Int: 10    God:    Gozag
Gold:   1056       SH:  0    Dex: 10    Spells: 16/16 levels left

rFire    . . .     SeeInvis .     - Unarmed
rCold    + . .     Faith    .   (no shield)
rNeg     . . .     Spirit   .   E - +0 swamp dragon scales
rPois    +         Reflect  .   (helmet restricted)
rElec    .         Harm     .   y - +1 cloak
rCorr    .         Rampage  .   (gloves unavailable)
Will     .....                  (boots unavailable)
Stlth    +.........             (no amulet)
HPRegen  0.66/turn              e - ring of protection from cold
MPRegen  0.14/turn              z - +4 ring of protection

@: gold aura, slowed, very slow
A: large, unfitting armour, claws 3, regeneration 1, shaggy fur 1, tough skin 3
a: Potion Petition, Call Merchant, Bribe Branch, Renounce Religion


You were on level 9 of the Dungeon.
You worshipped Gozag.
Gozag was most pleased with you.
You visited 2 branches of the dungeon, and saw 10 of its levels.
You also visited: Ossuary and Bailey.

You collected 1089 gold pieces.
You paid 33 gold pieces to Gozag.

Inventory:

Missiles
 c - 5 large rocks
 d - 4 throwing nets
 f - 10 boomerangs (quivered)
 s - 43 poisoned darts
Armour
 y - a +1 cloak (worn)
 B - a +2 robe of fire resistance
 E - +0 swamp dragon scales (worn)
 I - +2 fire dragon scales
 J - a +0 kite shield of protection
Jewellery
 e - a ring of protection from cold (left claw)
 g - an uncursed ring of poison resistance
 o - an uncursed ring of positive energy
 r - an uncursed ring of positive energy
 z - a +4 ring of protection (right claw)
 H - an uncursed ring of protection from cold
 K - an uncursed ring of willpower
Wands
 w - a wand of acid (5)
 A - a wand of digging (2)
 F - a wand of random effects (15)
Scrolls
 h - 2 scrolls of enchant armour
 i - a scroll of enchant weapon
 j - a scroll of noise {unknown}
 k - 2 scrolls of teleportation
 m - a scroll of blinking {unknown}
 n - 3 scrolls of immolation
 t - 5 scrolls of remove curse
 u - 8 scrolls of identify
 x - 2 scrolls of amnesia {unknown}
 D - a scroll of magic mapping
Potions
 a - a potion of curing
 b - 3 potions of degeneration
 l - 5 potions of heal wounds {unknown}
 p - a potion of mutation {unknown}
 q - 4 potions of attraction {unknown}
 v - a potion of invisibility
 C - 3 potions of brilliance {unknown}
 G - 2 potions of resistance
 L - a potion of lignification {unknown}


   Skills:
 * Level 5.2 Fighting
 + Level 6.0 Throwing
 + Level 3.4 Armour
 * Level 6.4 Dodging
 + Level 1.1 Stealth
 + Level 9.5 Unarmed Combat
 * Level 3.7 Spellcasting
 + Level 0.5 Evocations


You had 16 spell levels left.
You didn't know any spells.
Your spell library contained the following spells:

 Spells                   Type           Power        Failure   Level
 Summon Lightning Spire   Summ/Air       #.......     99%         4
 Silence                  Hex/Air        #.........   100%        5
 Conjure Ball Lightning   Conj/Air       #.........   100%        6
 Tornado                  Air            #.........   100%        9


Dungeon Overview and Level Annotations

Branches:
Dungeon (9/15)             Temple (1/1) D:4         Ossuary (visited)
 Bailey (visited)
   Lair: D:8-11         Orc: D:9-12

Altars:
Ashenzari
Cheibriados
Dithmenos
Elyvilon
Fedhas
Gozag
Hepliaklqana
Kikubaaqudgha
Makhleb
Nemelex Xobeh
Okawaru
Qazlal
Ru
Sif Muna
Trog
Uskayaw
Vehumet
Wu Jian
Xom
Yredelemnul
Zin
The Shining One

Annotations:
D:2 1 runed translucent door, Crazy Yiuf
D:9 Erolcha


Innate Abilities, Weirdness & Mutations

You are too large for most types of armour.
You have claws for hands.
Your natural rate of healing is unusually fast.
You are covered in fur. (AC +1)
You have extremely tough skin. (AC +3)


Message History

You feel as though you will be slow longer.
Unknown command.
You miss something. Something hits you but does no damage. Something hits you.
Unknown command.
Evoke which item? (* to show all) (? for menu, Esc to quit)
Aiming: Corrosive Bolt
Press: ? - help, Shift-Dir - straight line The bolt of acid hits the ogre!
The ogre is splashed with acid.
The acid corrodes the ogre!
The ogre is almost dead.
Something hits you. Something hits you!
* * * LOW HITPOINT WARNING * * *
Unknown command.
Unknown command.
The ogre becomes distracted by your gold, dreaming of imaginary riches.
You hear some strange, mumbled words.
A crystal spear appears from out of thin air!
The crystal spear hits you!!
You die...
Your body crumbles into a pile of gold.

#..........# #..$...
#..........# #.._...
#..........# #...(..
#..........# #......
#..........###.#....
#..........##..##(#. # #
#.............###.#.
.....########..#####.#####(..
.........O.{@..###......#...#
(....#.##.###....#......#.)#.
.....#.##=.##<##>#......#....
#........#.# .............
#[.$...#...###.......#....
#......#..................
#.O......##.....#........P..
..........##....##.?.<.......
...#.........................


You could see an ogre (unaware, corroded).

Vanquished Creatures
  Harold (D:8)
  A two-headed ogre (D:9)
  An orc knight (Bailey)
  Maggie (D:6)
  A komodo dragon (D:9)
  6 yaks (D:9)
  2 water moccasins (D:9)
  Duvessa (D:4)
  4 orc warriors (Bailey)
  3 phantoms
  3 centaurs
  An ogre (D:7)
  4 bullfrogs
  A wyvern skeleton (D:9)
  2 scorpions
  Dowan (D:4)
  14 wights
  2 hounds
  2 bullfrog zombies
  A centaur skeleton (D:9)
  5 orc priests
  4 jellies
  5 orc wizards
  2 bullfrog skeletons
  7 worker ants
  2 iguanas
  8 big kobold zombies (Ossuary)
  A hound skeleton (D:6)
  A mummy (Ossuary)
  4 gnolls (D:5)
  12 adders
  A white imp (D:5)
  2 oozes
  2 adder skeletons
  5 worms
  2 dart slugs
  3 leopard geckos
  28 orcs
  4 spectral bats (Ossuary)
  10 bats
  2 giant cockroaches
  4 gnoll zombies (Ossuary)
  10 goblins
  8 hobgoblins
  2 jackals (D:9)
  A kobold (D:3)
  7 quokkas
  2 ball pythons
  A bat simulacrum (Ossuary)
  6 frilled lizards
  2 goblin simulacra (Ossuary)
  6 goblin zombies (Ossuary)
  4 hobgoblin zombies (Ossuary)
  6 kobold simulacra (Ossuary)
  2 kobold zombies (Ossuary)
  A leopard gecko zombie (D:6)
  6 orc zombies (Ossuary)
  A quokka skeleton (D:6)
  8 rats
  3 rat simulacra (Ossuary)
  5 spectral goblins (Ossuary)
  3 spectral kobolds (Ossuary)
  2 spectral rats (Ossuary)
252 creatures vanquished.

Vanquished Creatures (others)
  46 fungi (D:9)
  34 plants (D:9)
80 creatures vanquished.

Grand Total: 332 creatures vanquished

Notes
Turn   | Place    | Note
-------+----------+-------------------------------------------
     0 | D:1      | Morbidden the Troll Hunter began the quest for the Orb.
     0 | D:1      | Reached XP level 1. HP: 19/19 MP: 0/0
   272 | D:1      | Reached XP level 2. HP: 27/27 MP: 1/1
   711 | D:2      | Reached XP level 3. HP: 35/35 MP: 2/2
   952 | D:2      | Reached skill level 1 in Unarmed Combat
   952 | D:2      | Reached XP level 4. HP: 35/42 MP: 3/3
  1003 | D:2      | Found a runed translucent door.
  1004 | D:2      | Noticed Crazy Yiuf
  2059 | D:3      | Reached XP level 5. HP: 47/49 MP: 4/4
  2103 | D:3      | Found a hazy altar of Hepliaklqana.
  2324 | D:4      | Noticed Duvessa
  2358 | D:4      | Reached skill level 2 in Unarmed Combat
  2358 | D:4      | Reached skill level 1 in Spellcasting
  2412 | D:4      | Found a sand-covered staircase.
  2416 | Ossuary  | Entered an ossuary
  2567 | Ossuary  | Reached XP level 6. HP: 58/59 MP: 6/6
  2775 | Ossuary  | Reached skill level 3 in Unarmed Combat
  3450 | D:4      | Noticed Dowan
  3462 | D:4      | Killed Dowan
  3463 | D:4      | Reached XP level 7. HP: 67/67 MP: 7/7
  3468 | D:4      | Killed Duvessa
  3612 | D:4      | Reached skill level 4 in Unarmed Combat
  3984 | D:4      | Found a staircase to the Ecumenical Temple.
  4142 | Temple   | Entered the Ecumenical Temple
  4252 | Temple   | Became a worshipper of Gozag Ym Sagoz the Greedy
  4404 | D:5      | Entered Level 5 of the Dungeon
  4453 | D:5      | Reached skill level 5 in Unarmed Combat
  4457 | D:5      | Reached XP level 8. HP: 58/75 MP: 9/9
  4527 | D:5      | Found a snail-covered altar of Cheibriados.
  4985 | D:6      | Reached skill level 6 in Unarmed Combat
  5035 | D:6      | Found a snail-covered altar of Cheibriados.
  5146 | D:6      | Noticed Maggie
  5168 | D:6      | Killed Maggie
  5169 | D:6      | Reached skill level 1 in Stealth
  5169 | D:6      | Reached skill level 7 in Unarmed Combat
  5177 | D:6      | Reached skill level 5 in Dodging
  5417 | D:7      | Reached XP level 9. HP: 84/84 MP: 11/11
  5781 | D:7      | Reached skill level 1 in Armour
  6094 | D:8      | Found a flagged portal.
  6102 | Bailey   | Entered a bailey
  6370 | Bailey   | Reached skill level 5 in Throwing
  6442 | Bailey   | Noticed an orc knight
  6470 | Bailey   | Killed an orc knight
  6471 | Bailey   | Reached skill level 8 in Unarmed Combat
  6782 | D:8      | Noticed Harold
  6801 | D:8      | Killed Harold
  6802 | D:8      | Reached XP level 10. HP: 54/94 MP: 13/13
  6849 | D:9      | Noticed Erolcha
  6854 | D:9      | Found a sparkling altar of Nemelex Xobeh.
  7195 | D:9      | Reached skill level 5 in Fighting
  7247 | D:9      | Reached skill level 9 in Unarmed Combat
  7438 | D:9      | Found a glowing golden altar of the Shining One.
  7471 | D:9      | Noticed a two-headed ogre
  7480 | D:9      | Killed a two-headed ogre
  7498 | D:9      | Killed from afar by Erolcha

Illustrated notes

Levels and vault maps discovered:
D:1:      dpeg_arrival_refuge, layout_basic
D:2:      layout_basic, kennysheep_decorative_pillar, uniq_crazy_yiuf_cottage
D:3:      layout_loops_ring, nicolae_overflow_hidden_temple
D:4:      layout_basic, minmay_temple_entry_antechambers,
          nicolae_ossuary_entry_false_entrances, uniq_duvessa
D:5:      layout_basic, basic_altar, fountainhead
D:6:      layout_basic, basic_altar, uniq_maggie
D:7:      layout_basic
D:8:      layout_gridville, enter_bailey_2, uniq_harold
D:9:      layout_rooms, due_lair_maze_entry_diamond,
          kennysheep_orc_monster_closet_entryway, basic_altar, tso_altar,
          uniq_erolcha
Temple:   kilobyte_greek_temple

Skill      XL: |  1  2  3  4  5  6  7  8  9 10 |
---------------+-------------------------------+-----
Throwing       | 4 6 |  6.0
Dodging        | 2 3 4 5 6 |  6.4
Unarmed Combat | 1 2 3 5 7 8 9 |  9.5
Fighting       | 2 3 4 5 |  5.2
Spellcasting   | 1 2 3 |  3.7
Stealth        | 1 |  1.1
Armour         | 2 3 |  3.4
Evocations     | |  0.5

Action                   |  1- 3 |  4- 6 |  7- 9 | 10-12 || total
-------------------------+-------+-------+-------+-------++-------
Melee: Unarmed           |    70 |   290 |   354 |   172 ||   886
       Punch             |       |     4 |    12 |     5 ||    21
Throw: Boomerang         |    35 |    42 |    48 |       ||   125
Evoke: Wand              |       |     2 |     2 |     3 ||     7
  Use: Scroll            |     1 |     3 |     7 |     3 ||    14
       Potion            |       |       |     1 |     2 ||     3
 Stab: Sleeping          |     3 |     2 |     1 |       ||     6
Armor: Robe              |    39 |   114 |    84 |       ||   237
       Swamp dragon scal |       |       |    47 |    58 ||   105
       Fire dragon scale |       |       |     9 |    27 ||    36
Dodge: Dodged            |    53 |   128 |   186 |    83 ||   450

Table legend: (Time is in decaauts)
 A = Elapsed time spent in this place.
 B = Non-inter-level travel time spent in this place.
 C = Inter-level travel time spent in this place.
 D = Time resting spent in this place.
 E = Time spent auto-exploring this place.
 F = Levels seen in this place.
 G = Mean time per level.
                   A        B        C        D        E       F      G
               +--------+--------+--------+--------+--------+-----+--------+
         Total |   7424 |   7193 |    231 |    945 |   3924 |  12 |  618.7 |
       Dungeon |   6057 |   5855 |    202 |    743 |   3563 |   9 |  673.0 |
        Temple |    140 |    111 |     29 |      0 |     90 |   1 |  140.0 |
       Ossuary |    627 |    627 |      0 |      5 |    215 |   1 |  627.0 |
        Bailey |    598 |    598 |      0 |    197 |     56 |   1 |  598.0 |
               +--------+--------+--------+--------+--------+-----+--------+

Top non-repeatable levels by time:
     D:4: 1301 daAuts
     D:2: 927 daAuts
     D:3: 811 daAuts
     D:7: 642 daAuts
 Ossuary: 627 daAuts
     D:9: 626 daAuts
  Bailey: 598 daAuts
     D:1: 579 daAuts
     D:5: 572 daAuts
     D:6: 414 daAuts
     D:8: 182 daAuts
  Temple: 140 daAuts
